 Dungeon Crawl Stone Soup version 0.29-a0-341-g24ffce5b50 (webtiles) character file.

Game seed: 6261027104862399737

83 Essalna the Magician (level 4, -3/21 HPs)
             Began as a Spriggan Conjurer on Apr 20, 2022.
             Slain by a shadow imp (4 damage)
             ... summoned by Natasha
             ... on level 2 of the Dungeon.
             The game lasted 00:03:33 (2102 turns).

Essalna the Magician (Spriggan Conjurer)            Turns: 2102, Time: 00:03:33

Health: -3/21      AC:  2    Str:  3    XL:     4   Next: 22%
Magic:  0/11       EV: 15    Int: 21    God:
Gold:   41         SH:  5    Dex: 13    Spells: 10/11 levels left

rFire   . . .      SeeInvis +   c - +0 whip
rCold   . . .      Faith    .   f - +0 buckler
rNeg    . . .      Spirit   .   a - +0 robe
rPois   .          Reflect  .   (helmet restricted)
rElec   .          Harm     .   (no cloak)
rCorr   .          Rampage  .   (gloves unavailable)
Will    .....                   (boots unavailable)
Stlth   ++........              (no amulet)
HPRegen 0.07/turn               (no ring)
MPRegen 0.12/turn               (no ring)

@: very quick
A: very small, no large weapons, unfitting armour, see invisible, speed 3
a: no special abilities


You were on level 2 of the Dungeon.
You visited 1 branch of the dungeon, and saw 2 of its levels.

You collected 41 gold pieces.

Inventory:

Hand Weapons
 c - a +0 whip (weapon)
Armour
 a - a +0 robe (worn)
 f - a +0 buckler (worn)
Scrolls
 d - 2 scrolls of vulnerability {unknown}
 g - 3 scrolls of identify {unknown}
 h - a scroll of enchant weapon {unknown}
 i - 2 scrolls of teleportation {unknown}
 k - a scroll of torment {unknown}
Potions
 b - a potion of magic
 e - a potion of flight {unknown}
 j - a potion of haste {unknown}
 l - a potion of might {unknown}
 m - a potion of cancellation {unknown}


   Skills:
 - Level 2.6 Dodging
 - Level 3.0 Stealth
 + Level 0.9 Shields
 + Level 4.1 Spellcasting
 + Level 3.6 Conjurations


You had 10 spell levels left.
You knew the following spells:

 Your Spells              Type           Power      Damage    Failure   Level
a - Magic Dart            Conj           76%        1d6       6%          1

Your spell library contained the following spells:

 Spells                   Type           Power      Damage    Failure   Level
 Searing Ray              Conj           38%        2d5       9%          2
 Dazzling Flash           Conj/Hex       22%        N/A       34%         3
 Blink                    Tloc           8%         N/A       36%         2
 Lesser Beckoning         Tloc           4%         N/A       58%         3
 Fulminant Prism          Conj/Hex       5%         3d7       75%         4
 Iskenderun's Mystic Bla  Conj/Tloc      11%        2d4       75%         4
 Manifold Assault         Tloc           4%         N/A       100%        5


Dungeon Overview and Level Annotations

Branches:
Dungeon (2/15)

Altars:

Shops:
D:2 ??

Annotations:
D:2 Natasha


Innate Abilities, Weirdness & Mutations

You are very small and have problems with some larger weapons.
You are too small for most types of armour.
You have supernaturally acute eyesight. (SInv)
You cover ground extremely quickly. (Speed+++)


Message History

You are too injured to fight recklessly!
Casting: Magic Dart (safe; 6% risk of failure)
Confirm with . or Enter, or press ? or * to list all spells.
Aiming: Magic Dart (safe; 6% risk of failure)
Press: ? - help, Shift-Dir - straight line, f/p - Natasha
Aim: Natasha (heavily wounded, 100% to hit)
The magic dart hits Natasha.
Natasha is severely wounded.
You block Natasha's attack. The shadow imp barely misses you.
Casting: Magic Dart (safe; 6% risk of failure)
Confirm with . or Enter, or press ? or * to list all spells.
Aiming: Magic Dart (safe; 6% risk of failure)
Press: ? - help, Shift-Dir - straight line, f/p - Natasha
Aim: Natasha (severely wounded, 100% to hit)
The magic dart hits Natasha.
Natasha is almost dead.
Natasha casts a spell at you.
You easily resist.
The shadow imp gestures at you.
You struggle to resist.
Your magical contamination has completely faded away.
Casting: Magic Dart (safe; 6% risk of failure)
Confirm with . or Enter, or press ? or * to list all spells.
You don't have enough magic to cast this spell.
Unknown command.
You barely miss Natasha.
Natasha is almost dead.
Natasha misses you. You block the shadow imp's attack.
You hit Natasha but do no damage.
Natasha is almost dead.
Natasha casts a spell at you. The magic dart hits you.
* * * LOW HITPOINT WARNING * * *
The shadow imp gestures at you. Pain shoots through your body!
* * * LOW HITPOINT WARNING * * *
You barely miss Natasha.
Natasha is almost dead.
You block Natasha's attack. The shadow imp hits you.
You die...

##### #... ####'5####
##≈≈≈.@≈≈≈##
##≈≈....h.≈≈##..########
##≈≈...##...≈≈##.........
##≈≈....##....≈≈########..
##≈≈.....##.....≈≈######...
#≈≈......##......≈≈#.......
#≈.....(####......≈#.......
###≈.....######.....≈#.......
#.'..##############..'...))..


You could see Natasha and a shadow imp (summoned).

Vanquished Creatures
  Natasha (D:2)
  An adder (D:2)
  A dart slug (D:2)
  An endoplasm (D:2)
  7 goblins
  6 hobgoblins
  A jackal (D:1)
  8 kobolds
  4 quokkas
  5 ball pythons
  6 bats (D:1)
  2 frilled lizards (D:2)
  3 rats
46 creatures vanquished.

Vanquished Creatures (others)
  2 fungi (D:2)
  4 plants (D:2)
6 creatures vanquished.

Grand Total: 52 creatures vanquished

Notes
Turn   | Place    | Note
-------+----------+-------------------------------------------
     0 | D:1      | Essalna the Spriggan Conjurer began the quest for the Orb.
     0 | D:1      | Reached XP level 1. HP: 9/9 MP: 5/5
     2 | D:1      | Noticed a demonspawn
     2 | D:1      | Noticed an elf
     4 | D:1      | Noticed a dwarf
     4 | D:1      | Noticed a formicid
     6 | D:1      | Noticed a merfolk
     8 | D:1      | Noticed an octopode
     8 | D:1      | Noticed a tengu
    10 | D:1      | Noticed a vampire
    12 | D:1      | Noticed a demigod
    14 | D:1      | Noticed a ghoul
    14 | D:1      | Noticed an ogre
    18 | D:1      | Noticed a gargoyle
    18 | D:1      | Noticed a human
    20 | D:1      | Noticed a naga
    20 | D:1      | Noticed a felid
    22 | D:1      | Noticed a draconian
    22 | D:1      | Noticed a spriggan
    24 | D:1      | Noticed a vine stalker
    24 | D:1      | Noticed a troll
    26 | D:1      | Noticed a minotaur
   184 | D:1      | Reached skill level 3 in Spellcasting
   316 | D:1      | Reached XP level 2. HP: 13/13 MP: 5/7
   997 | D:1      | Reached XP level 3. HP: 16/16 MP: 6/9
  1378 | D:2      | Found Bymowk's Magic Scroll Boutique.
  1427 | D:2      | Found Mopuaxku's Magic Scroll Shop.
  1974 | D:2      | Reached skill level 4 in Spellcasting
  2031 | D:2      | Found a faded altar of an unknown god.
  2078 | D:2      | Noticed Natasha
  2082 | D:2      | Killed Natasha
  2083 | D:2      | Reached XP level 4. HP: 21/21 MP: 6/11
  2091 | D:2      | Noticed Natasha
  2101 | D:2      | HP: 1/21 [shadow imp/nerve-wracking pain[Natasha] (5)]
  2102 | D:2      | Slain by a shadow imp

Illustrated notes

Levels and vault maps discovered:
D:1:      kb_arrival_jail, layout_loops_ring, minmay_vboxes
D:2:      layout_rooms, shapermc_ecumenical_altar_mp_ritualfount, serial_shops,
          shop, shop, kennysheep_cross_room, uniq_natasha

Skill      XL: |  1  2  3 |
---------------+----------+-----
Conjurations   | 3 |  3.6
Spellcasting   | 3 4 |  4.1
Dodging        | |  2.6
Stealth        | |  3.0
Shields        | |  0.9

Action                   |  1- 3 |  4- 6 || total
-------------------------+-------+-------++-------
Melee: Whip              |    13 |     3 ||    16
 Cast: Magic Dart        |    98 |     7 ||   105
Armor: Robe              |     4 |       ||     4
Dodge: Dodged            |    30 |     2 ||    32
Block: Buckler           |     1 |     3 ||     4

Table legend: (Time is in decaauts)
 A = Elapsed time spent in this place.
 B = Non-inter-level travel time spent in this place.
 C = Inter-level travel time spent in this place.
 D = Time resting spent in this place.
 E = Time spent auto-exploring this place.
 F = Levels seen in this place.
 G = Mean time per level.
                   A        B        C        D        E       F      G
               +--------+--------+--------+--------+--------+-----+--------+
         Total |   1703 |   1691 |     12 |      0 |   1440 |   2 |  851.5 |
       Dungeon |   1703 |   1691 |     12 |      0 |   1440 |   2 |  851.5 |
               +--------+--------+--------+--------+--------+-----+--------+

Top non-repeatable levels by time:
     D:1: 1061 daAuts
     D:2: 642 daAuts
